 Dungeon Crawl Stone Soup version 0.19.5 (console) character file.

1409 Grinner the Basher (level 8, -11/88 HPs)
             Began as an Ogre Fighter on Mar 19, 2017.
             Mangled by a yak (17 damage)
             ... on level 6 of the Dungeon.
             The game lasted 00:15:53 (6905 turns).

Grinner the Basher (Ogre Fighter)                   Turns: 6905, Time: 00:15:54

Health: -11/88     AC:  3    Str: 30      XL:     8   Next: 70%
Magic:  8/8        EV:  8    Int:  9      God:
Gold:   214        SH: 10    Dex:  5 (9)  Spells: 0 memorised, 7 levels left

rFire  . . .     SeeInvis .     a - +0 flail
rCold  . . .     Gourm    .     b - +0 robe
rNeg   + . .     Faith    .     c - +0 shield
rPois  .         Spirit   .     (helmet restricted)
rElec  .         Reflect  .     (no cloak)
rCorr  .         Harm     .     (gloves unavailable)
MR     .....                    (boots unavailable)
Stlth  +.........               (no amulet)
                                s - ring of positive energy
                                k - +6 ring of strength

@: no status effects
A: unfitting armour, blurry vision 1, clever 1, screaming 1, tough skin 1
a: no special abilities


You were on level 6 of the Dungeon.
You were hungry.

You visited 2 branches of the dungeon, and saw 7 of its levels.

You collected 214 gold pieces.

Inventory:

Hand Weapons
 a - a +0 flail (weapon)
Armour
 b - a +0 robe (worn)
 c - a +0 shield (worn)
Rods
 u - a +0 lightning rod (13/13)
   (You found it on level 5 of the Dungeon)
Jewellery
 k - a +6 ring of strength (left hand)
 s - a ring of positive energy (right hand)
Wands
 i - a wand of disintegration (7/24)
Scrolls
 e - 5 scrolls of identify {unknown}
 l - 2 scrolls of remove curse {unknown}
 m - a scroll of random uselessness {unknown}
 n - a scroll of enchant armour {unknown}
 p - 2 scrolls of magic mapping {unknown}
 q - 2 scrolls of teleportation {unknown}
 t - a scroll of fog {unknown}
 v - 4 scrolls of enchant weapon {unknown}
 x - a scroll of noise {unknown}
Potions
 h - 2 potions of curing
Comestibles
 f - 5 bread rations
 g - 2 fruits
 z - a meat ration


   Skills:
 + Level 7.7 Fighting
 * Level 10.2 Maces & Flails
 - Level 2.6 Dodging
 + Level 5.3 Shields


You had 7 spell levels left.
You didn't know any spells.

Dungeon Overview and Level Annotations

Branches:
Dungeon (6/15)             Temple (1/1) D:5

Altars:
Cheibriados
Dithmenos
Fedhas
Gozag
Hepliaklqana
Makhleb
Nemelex Xobeh
Qazlal
Ru
Sif Muna
Trog
Uskayaw
Xom
Yredelemnul
Zin
The Shining One


Innate Abilities, Weirdness & Mutations

You are too large for most types of armour.
You have tough skin. (AC +1)
Scrolls take you a little longer to read.
Your mind is acute. (Int +2)
You occasionally shout uncontrollably at your foes.


Message History

Here: a yak (severely wounded)
The floor, spattered with blood.
You feel better.
You hit the yak but do no damage.
The yak is severely wounded.
The yak gores you.
* * * LOW HITPOINT WARNING * * *
You block the yak's attack.
You sock the yak!
The yak is almost dead.
The yak gores you.
* * * LOW HITPOINT WARNING * * *
The yak gores you!
* * * LOW HITPOINT WARNING * * *
You barely miss the yak.
The yak is almost dead.
The yak gores you!
* * * LOW HITPOINT WARNING * * *
The yak gores you!
You die...

#.## ### #.....Y.. ..#
#.## #....§§§. ..#
#..# #...§§§§. ..#
##.## #..>§§§§. ..#
#..# #...§§§.. ^.#
##.## #..§..§.. .##
#..# #....... .# ##.##
#....... .### #Y@#
#....... ...### ##Y##
##...... #....### #..#
#.....# ###....###
##.#########.....#
###....###
#...............#
###....####
#......)...######
###.....###.##########
###.).....# ###....##


You could see 2 yaks.

Vanquished Creatures
  The ghost of bakman329 the Cudgeler, an amateur MiBe of Trog (D:4)
  Eustachio (D:6)
  A yak (D:6)
  2 phantoms (D:4)
  A centaur (D:5)
  2 bullfrogs
  2 howler monkeys
  An orc priest (D:3)
  2 jellies (D:5)
  An orc wizard (D:4)
  2 iguanas
  Natasha (thrice) (D:3)
  2 worker ants (D:4)
  A hound skeleton (D:6)
  A howler monkey zombie (D:5)
  5 adders
  4 gnolls
  3 oozes
  4 worms
  2 adder skeletons
  2 dart slugs (D:2)
  4 leopard geckos
  7 orcs
  2 ball pythons
  8 bats
  4 giant cockroaches
  14 goblins
  13 hobgoblins
  3 jackals (D:1)
  5 quokkas
  A ball python skeleton (D:5)
  7 frilled lizards
  10 kobolds
  7 rats
128 creatures vanquished.

Notes
Turn   | Place    | Note
-------+----------+-------------------------------------------
     0 | D:1      | Grinner the Ogre Fighter began the quest for the Orb.
     0 | D:1      | Reached XP level 1. HP: 24/24 MP: 1/1
   119 | D:1      | Reached skill level 3 in Maces & Flails
   127 | D:1      | Reached XP level 2. HP: 12/32 MP: 2/2
   435 | D:1      | Reached XP level 3. HP: 21/39 MP: 3/3
   457 | D:1      | Reached skill level 4 in Maces & Flails
  1073 | D:2      | Reached XP level 4. HP: 33/49 MP: 4/4
  1456 | D:2      | Reached skill level 5 in Maces & Flails
  1518 | D:2      | Found a glowing silver altar of Zin.
  1645 | D:2      | Reached XP level 5. HP: 51/55 MP: 5/5
  1952 | D:3      | Noticed Natasha
  1967 | D:3      | Killed Natasha
  2320 | D:3      | Reached skill level 5 in Fighting
  2692 | D:3      | Found a shimmering altar of Xom.
  2693 | D:3      | Found a shimmering altar of Xom.
  2694 | D:3      | Found a shimmering altar of Xom.
  2694 | D:3      | Found a shimmering altar of Xom.
  2695 | D:3      | Found a shimmering altar of Xom.
  2695 | D:3      | Found a shimmering altar of Xom.
  2700 | D:3      | Found a shimmering altar of Xom.
  2701 | D:3      | Noticed Natasha
  2706 | D:3      | Killed Natasha
  2706 | D:3      | Reached skill level 6 in Maces & Flails
  2813 | D:3      | Noticed Natasha
  2820 | D:3      | Killed Natasha
  2820 | D:3      | Reached XP level 6. HP: 66/66 MP: 6/6
  3153 | D:4      | Noticed a phantom
  3155 | D:4      | Noticed bakman329's ghost (amateur MiBe)
  3169 | D:5      | Entered Level 5 of the Dungeon
  3642 | D:5      | Found a staircase to the Ecumenical Temple.
  3651 | Temple   | Entered the Ecumenical Temple
  4158 | D:5      | Reached skill level 7 in Maces & Flails
  4174 | D:5      | Reached XP level 7. HP: 63/75 MP: 7/7
  4198 | D:5      | Found a sparkling altar of Nemelex Xobeh.
  5022 | D:4      | Found a shadowy altar of Dithmenos.
  5077 | D:4      | HP: 1/75 [bakman329's ghost (6)]
  5078 | D:4      | Killed bakman329's ghost
  5078 | D:4      | Reached skill level 8 in Maces & Flails
  5872 | D:4      | Reached XP level 8. HP: 45/84 MP: 8/8
  5885 | D:4      | Reached skill level 9 in Maces & Flails
  6393 | D:6      | Noticed Eustachio
  6408 | D:6      | Reached skill level 5 in Shields
  6415 | D:6      | Gained mutation: You occasionally shout uncontrollably at your foes. [potion of mutation]
  6415 | D:6      | Gained mutation: Your mind is acute. (Int +2) [potion of mutation]
  6415 | D:6      | Gained mutation: Scrolls take you a little longer to read. [potion of mutation]
  6457 | D:6      | Killed Eustachio
  6857 | D:6      | Found a shadowy altar of Dithmenos.
  6860 | D:6      | Noticed a yak
  6861 | D:6      | Noticed a yak
  6862 | D:6      | Noticed a yak
  6883 | D:6      | Killed a yak
  6883 | D:6      | Reached skill level 10 in Maces & Flails
  6905 | D:6      | Mangled by a yak

Skill      XL: |  1  2  3  4  5  6  7  8 |
---------------+-------------------------+-----
Maces & Flails | 3 4 5 6 7 8 10 | 10.2
Shields        | 3 4 5 |  5.3
Fighting       | 5 6 7 |  7.7
Dodging        | |  2.6

Action                   |  1- 3 |  4- 6 |  7- 9 || total
-------------------------+-------+-------+-------++-------
Melee: Flail             |    88 |   236 |   249 ||   573
  Use: Potion            |     1 |       |     8 ||     9
 Stab: Sleeping          |       |     2 |       ||     2
  Eat: Chunk             |       |    11 |     8 ||    19
Armor: Robe              |    31 |    34 |    44 ||   109
Dodge: Dodged            |    44 |    50 |    86 ||   180
Block: Shield            |    56 |   114 |   131 ||   301
